 Dungeon Crawl Stone Soup version 0.20.0-8-g6b59dc7 (webtiles) character file.

3171 anfisbena the Cleaver (level 9, -13/85 HPs)
             Began as a Hill Orc Fighter on June 2, 2017.
             Was a Priest of Uskayaw.
             Mangled by a two-headed ogre
             ... wielding a +0 giant spiked club
              (20 damage)
             ... on level 7 of the Dungeon.
             The game lasted 00:09:05 (7571 turns).

anfisbena the Cleaver (Hill Orc Fighter)            Turns: 7571, Time: 00:09:05

Health: -13/85     AC: 11    Str: 19    XL:     9   Next: 94%
Magic:  9/9        EV:  5    Int:  8    God:    Uskayaw [***...]
Gold:   243        SH: 10    Dex: 13    Spells: 8/8 levels left

rFire    . . .     SeeInvis .   a - +0 war axe
rCold    . . .     Gourm    .   c - +0 shield
rNeg     . . .     Faith    .   e - +0 chain mail
rPois    .         Spirit   .   (no helmet)
rElec    .         Reflect  .   u - +0 cloak
rCorr    .         Harm     +   (no gloves)
MR       .....                  (no boots)
Stlth    ..........             i - amulet of harm
Regen    0.3/turn               (no ring)
MPRegen  0.2/turn               (no ring)

@: no status effects
A: no striking features
a: Stomp, Line Pass, Renounce Religion


You were on level 7 of the Dungeon.
You worshipped Uskayaw.
Uskayaw was noncommittal.
You were near starving.

You visited 2 branches of the dungeon, and saw 8 of its levels.

You collected 243 gold pieces.

Inventory:

Hand Weapons
 a - a +0 war axe (weapon)
Armour
 c - a +0 shield (worn)
 e - a +0 chain mail (worn)
 u - a +0 cloak (worn)
Jewellery
 i - an amulet of harm (around neck)
Scrolls
 b - a scroll of fog {unknown}
 d - 2 scrolls of random uselessness {unknown}
 j - a scroll of immolation {unknown}
 k - a scroll of fear {unknown}
 m - a scroll of blinking {unknown}
 o - 6 scrolls of teleportation {unknown}
 p - 5 scrolls of identify {unknown}
 s - 3 scrolls of enchant armour {unknown}
 t - a scroll of enchant weapon {unknown}
 w - a scroll of noise {unknown}
 y - a scroll of remove curse {unknown}
 C - 2 scrolls of amnesia {unknown}
Potions
 h - 4 potions of curing
 n - a potion of brilliance {unknown}
 q - 2 potions of degeneration {unknown}
 r - a potion of flight {unknown}
 z - a potion of magic {unknown}
 B - 2 potions of lignification {unknown}
Books
 x - a book of Beasts

   Spells                             Type                      Level
   a - Summon Butterflies             Summoning                    1
   b - Call Canine Familiar           Summoning                    3
   c - Summon Ice Beast               Ice/Summoning                4
   d - Summon Mana Viper              Hexes/Summoning              5
   e - Summon Hydra                   Summoning                    7
 A - a book of Misfortune

   Spells                             Type                      Level
   a - Confusing Touch                Hexes                        1
   b - Confuse                        Hexes                        3
   c - Gell's Gravitas                Translocation                3
   d - Petrify                        Transmutation/Earth          4
   e - Metabolic Englaciation         Hexes/Ice                    5
   f - Yara's Violent Unravelling     Hexes/Transmutation          5
Comestibles
 f - 3 bread rations
 g - 7 meat rations
 l - 5 royal jellies
 v - 2 fruits


   Skills:
 - Level 10.0 Fighting
 + Level 11.9 Axes
 + Level 5.8 Armour
 + Level 6.0 Shields


You had 8 spell levels left.
You didn't know any spells.

Dungeon Overview and Level Annotations

Branches:
Dungeon (7/15)             Temple (1/1) D:5

Altars:
Ashenzari
Gozag
Hepliaklqana
Kikubaaqudgha
Nemelex Xobeh
Qazlal
Ru
Uskayaw
Vehumet

Shops:
D:5 }   D:6 =


Message History

* * * LOW HITPOINT WARNING * * *
Uskayaw will force your foes to helplessly watch your dance.
Uskayaw prepares the audience for your solo!
The helpless two-headed ogre fails to defend itself.
You hit the two-headed ogre.
The two-headed ogre is severely wounded.
The helpless adder fails to defend itself.
You slash the adder!
You kill the adder!
Your Shields skill increases to level 6!
The two-headed ogre is no longer paralysed.
You block the two-headed ogre's attack.
The two-headed ogre hits you with a giant spiked club!
* * * LOW HITPOINT WARNING * * *
You hit the two-headed ogre but do no damage.
The two-headed ogre is severely wounded.
You slash the two-headed ogre!
The two-headed ogre is almost dead.
The two-headed ogre hits you with a giant spiked club!
You die...

......#F. (....#..
#..#...# .... ###
#...#..# #... ..#
#....###. .#. ..#
#...#...# .#.
###..#.....# #..
#........... ... ..
#..O.#.....# #.. ..
##+####.@..#...#. .#.
...##...####....###..
.# ..#.....+.....#..#
. #
.............#...# #
.+.....#.......#.[
#.. ##....#......#...
# . #<....#.........#
#. #....##.#......#.
..# #########.......
(..


You could see a two-headed ogre.

Vanquished Creatures
  The ghost of Artagas the Chopper, a novice MiBe of Trog (D:5)
  The ghost of tsouns the Skirmisher, an amateur HuMo of Qazlal (D:3)
  Prince Ribbit (D:5)
  A hungry ghost (D:6)
  Menkaure (D:6)
  An orc warrior (D:6)
  2 ice beasts
  3 centaurs
  2 ogres
  A big kobold (D:3)
  2 bullfrogs
  Blork the orc (D:6)
  5 scorpions
  3 howler monkeys (D:7)
  2 crimson imps
  2 centaur zombies
  A bullfrog skeleton (D:7)
  5 orc priests
  2 hounds
  A jelly (D:3)
  4 orc wizards
  Crazy Yiuf (D:4)
  An iguana (D:7)
  2 worker ants
  2 worker ant zombies
  3 gnolls (D:6)
  15 adders
  An ooze (D:5)
  3 adder skeletons
  5 worms
  A dart slug (D:2)
  3 leopard geckos
  17 orcs
  A giant cockroach (D:1)
  6 hobgoblins
  4 quokkas
  4 bats
  7 frilled lizards
  10 goblins
  15 kobolds
  3 rats (D:1)
146 creatures vanquished.

Notes
Turn   | Place    | Note
-------+----------+-------------------------------------------
     0 | D:1      | anfisbena the Hill Orc Fighter began the quest for the Orb.
     0 | D:1      | Reached XP level 1. HP: 19/19 MP: 1/1
    73 | D:1      | Reached skill level 3 in Axes
   190 | D:1      | Reached XP level 2. HP: 27/27 MP: 2/2
   699 | D:2      | Reached XP level 3. HP: 25/33 MP: 3/3
   966 | D:2      | Found a sparkling altar of Nemelex Xobeh.
   966 | D:2      | Found an ancient bone altar of Kikubaaqudgha.
  1003 | D:2      | Reached skill level 4 in Axes
  1791 | D:3      | Noticed tsouns's ghost (amateur HuMo)
  1806 | D:3      | HP: 1/34 [tsouns's ghost (3)]
  1809 | D:3      | Killed tsouns's ghost
  1809 | D:3      | Reached skill level 6 in Axes
  1809 | D:3      | Reached XP level 4. HP: 2/44 MP: 4/4
  1809 | D:3      | Reached XP level 5. HP: 2/50 MP: 5/5
  1809 | D:3      | Reached XP level 6. HP: 2/57 MP: 6/6
  2421 | D:3      | Found an opulent altar of Gozag.
  2830 | D:3      | Reached skill level 7 in Axes
  2830 | D:3      | Reached XP level 7. HP: 66/66 MP: 7/7
  3542 | D:4      | Reached skill level 8 in Axes
  3816 | D:4      | Found a runed door.
  3969 | D:4      | Noticed Crazy Yiuf
  4077 | D:4      | Killed Crazy Yiuf
  4077 | D:4      | Reached XP level 8. HP: 29/74 MP: 8/8
  4306 | D:5      | Entered Level 5 of the Dungeon
  4317 | D:5      | Noticed Prince Ribbit
  4329 | D:5      | Killed Prince Ribbit
  4329 | D:5      | Reached skill level 9 in Axes
  4668 | D:5      | Found Hyhecr Puesch's Gadget Shop.
  4684 | D:5      | Noticed Artagas's ghost (novice MiBe)
  4703 | D:5      | Killed Artagas's ghost
  4703 | D:5      | Reached skill level 10 in Axes
  5011 | D:5      | Found an opulent altar of Gozag.
  5268 | D:5      | Reached skill level 10 in Fighting
  5272 | D:5      | Reached XP level 9. HP: 65/85 MP: 9/9
  5372 | D:5      | Found a staircase to the Ecumenical Temple.
  5560 | Temple   | Entered the Ecumenical Temple
  5576 | Temple   | Became a worshipper of Uskayaw the Reveler
  5728 | D:6      | Noticed Blork the orc
  5728 | D:6      | Noticed Menkaure
  5736 | D:6      | Reached * piety under Uskayaw
  5738 | D:6      | Killed Menkaure
  5738 | D:6      | Killed Blork the orc
  5738 | D:6      | Reached ** piety under Uskayaw
  6077 | D:6      | Found Piogefeo's Jewellery Shoppe.
  6201 | D:6      | Reached skill level 11 in Axes
  6320 | D:6      | Reached *** piety under Uskayaw
  6561 | D:6      | Paralysed by fainting for 11 turns
  6576 | D:6      | Reached skill level 5 in Armour
  6672 | D:6      | Reached skill level 5 in Shields
  7203 | D:7      | Reached **** piety under Uskayaw
  7205 | D:7      | Reached ***** piety under Uskayaw
  7211 | D:7      | Noticed a two-headed ogre
  7218 | D:7      | Reached ****** piety under Uskayaw
  7222 | D:7      | HP: 3/85 [two-headed ogre/giant spiked club (34)]
  7571 | D:7      | Mangled by a two-headed ogre

Skill      XL: |  1  2  3  4  5  6  7  8  9 |
---------------+----------------------------+-----
Axes           | 3 6 7 8 10 11 | 11.9
Fighting       | 4 6 7 8 10 | 10.0
Armour         | 5 |  5.8
Shields        | 6 |  6.0

Action                   |  1- 3 |  4- 6 |  7- 9 || total
-------------------------+-------+-------+-------++-------
Melee: War axe           |   112 |   107 |   297 ||   516
       Unarmed           |       |       |     7 ||     7
  Use: Potion            |     1 |       |     2 ||     3
 Stab: Paralysed         |       |       |     7 ||     7
  Eat: Chunk             |    14 |       |    12 ||    26
       Bread ration      |       |       |     1 ||     1
Armor: Chain mail        |    51 |    59 |   116 ||   226
       Scale mail        |     2 |       |       ||     2
Dodge: Dodged            |    18 |    24 |    53 ||    95
Block: Shield            |    52 |    47 |   125 ||   224
